 Dungeon Crawl Stone Soup version 0.32-a0-433-g08bcfe7efd (webtiles) character file.

Game seed: 7051742825245514323

75 ezpacito the Trooper (level 4, -5/30 (35) HPs)
             Began as a Demonspawn Chaos Knight on Feb 23, 2024.
             Was a Plaything of Xom.
             Succumbed to Crazy Yiuf's poison
             ... on level 2 of the Dungeon.
             The game lasted 00:02:17 (1743 turns).

ezpacito the Trooper (Demonspawn Chaos Knight)      Turns: 1743, Time: 00:02:18

HP:   -5/30 (35)    AC:  5    Str: 13    XL:     4   Next: 11%
MP:   4/4           EV: 11    Int: 19    God:    Xom [......]
Gold: 74            SH:  0    Dex: 11    Spells: 4/4 levels left

rFire   x . .        a - +0 hand axe (chaos)
rCold   . . .        (no shield)
rNeg    . . .        b - +2 leather armour
rPois   .            (helmet restricted)
rElec   .            (no cloak)
rCorr   .            (no gloves)
SInv    .            (no boots)
Will    .....        (no amulet)
Stlth   +            (no ring)
HPRegen 0.25/turn    (no ring)
MPRegen 0.09/turn

%: no passive effects
@: lethally poisoned (-5 -> -32), heavily drained
A: powered by death 1, big brain 1, horns 1, clever 1, low MP 1, heat
vulnerability 1, noise suppression
a: Renounce Religion


You were on level 2 of the Dungeon.
You worshipped Xom.
You were a very special plaything of Xom.
You visited 1 branch of the dungeon, and saw 2 of its levels.

You collected 74 gold pieces.

Inventory:

Hand Weapons
 a - a +0 hand axe of chaos (weapon)
Missiles
 j - 5 atropa-tipped darts (quivered)
Armour
 b - a +2 leather armour (worn)
 e - a +0 chain mail
Scrolls
 c - a scroll of butterflies
 d - 2 scrolls of fog
 f - a scroll of enchant armour {unknown}
 g - a scroll of blinking {unknown}
 h - a scroll of fear {unknown}
 i - 2 scrolls of identify {unknown}
 k - a scroll of enchant weapon {unknown}


   Skills:
 * Level 3.5 Fighting
 * Level 3.0 Axes
 * Level 2.2 Armour
 * Level 1.5 Dodging
 + Level 0.5 Stealth
 * Level 1.1 Unarmed Combat
 + Level 0.9 Spellcasting


You had 4 spell levels left.
You didn't know any spells.
Your spell library was empty.

Dungeon Overview and Level Annotations

Branches:
Dungeon (2/15)

Altars:
Trog

Annotations:
D:2 Crazy Yiuf


Innate Abilities, Weirdness & Mutations

You regenerate a little health from kills.
You have an unusually large brain. (Int +2)
You have a pair of small horns on your head.
Your mind is acute. (Int +4, Str/Dex -1)
Your magical capacity is low. (-10% MP)
You are vulnerable to heat. (rF-)
You passively dampen the noise of your surroundings.


Message History

There is an open door here.
You see here a +0 whip.
Crazy Yiuf shouts!
No reachable target in view!
Could not explore, unopened runed door.
You open the door.
You swap places.
Crazy Yiuf hits your goblin zombie with a +4 quarterstaff of chaos!
Crazy Yiuf burns your goblin zombie.
Your goblin zombie is destroyed!
Crazy Yiuf waves his quarterstaff at you.
Crazy Yiuf says, "My goal is simple.
It is a complete understanding of the universe, why it is as it is and why it exists at all."
Crazy Yiuf barely misses you.
You hit Crazy Yiuf but do no damage.
You headbutt Crazy Yiuf, but do no damage.
Crazy Yiuf hits you with a +4 quarterstaff of chaos!
You hit Crazy Yiuf. You headbutt Crazy Yiuf.
Crazy Yiuf is moderately wounded.
Crazy Yiuf hits you with a +4 quarterstaff of chaos!
You emit a cloud of colourful smoke!
Crazy Yiuf burns you.
You hit Crazy Yiuf.
Crazy Yiuf is moderately wounded.
Crazy Yiuf barely misses you.
You hit Crazy Yiuf. You freeze Crazy Yiuf. You headbutt Crazy Yiuf.
Crazy Yiuf is severely wounded.
Crazy Yiuf says, "The real reality is there, but everything you know about it is in your mind and yours to do with as you like."
Crazy Yiuf barely misses you. x2
You closely miss Crazy Yiuf.
Crazy Yiuf is severely wounded.
Crazy Yiuf completely misses you.
You barely miss Crazy Yiuf. Your headbutt misses Crazy Yiuf.
Crazy Yiuf is severely wounded.
Crazy Yiuf hits you with a +4 quarterstaff of chaos!
* * * LOW HITPOINT WARNING * * *
You are lethally poisoned!
You barely miss Crazy Yiuf.
Crazy Yiuf is severely wounded.
You die...
Xom bursts into laughter!

###
#.†...#.##.#.
#.#
##.####.##.#.
#.# #####
##.####.##.#.
#### ####.#
#)..#
#....##.##...
...###....#
#.§.#
#....†..##.##
.....'....#
☼§.
#....#####.##
...###....#
#○# ######
#.## ...#
#....# #g##
#############
...# #..)##
##@#
#............
...# #...#
#§##
#############
..## #...#
##§# ..#
#...# ##Z##
..# ###.#
##...# ###
#.# #....#
#.# #....#
#.#####....#
#....##...##


You could see Crazy Yiuf.

Vanquished Creatures
  Terence (D:2)
  2 adders (D:2)
  6 ball pythons
  4 endoplasms
  A giant cockroach (D:1)
  8 goblins
  5 hobgoblins
  A frilled lizard (D:2)
  A kobold (D:1)
  2 rats
31 creatures vanquished.

Vanquished Creatures (others)
  A goblin zombie (D:2)
1 creature vanquished.

Grand Total: 32 creatures vanquished

Notes
Turn   | Place    | Note
-------+----------+-------------------------------------------
     0 | D:1      | ezpacito the Demonspawn Chaos Knight began the quest for
                  | the Orb.
     0 | D:1      | Reached XP level 1. HP: 18/18 MP: 1/1
    66 | D:1      | XOM: silly message
    92 | D:1      | Reached skill level 1 in Dodging
   182 | D:1      | Gained mutation: You regenerate a little health from kills.
                  | [demonic ancestry]
   182 | D:1      | Reached XP level 2. HP: 23/24 MP: 2/2
   219 | D:1      | XOM: silly message
   799 | D:2      | XOM: cast spell 'Olgreb's Toxic Radiance'
   999 | D:2      | XOM: give mutations
   999 | D:2      | Gained mutation: You have hidden genetic defects. [Xom's
                  | mischief]
   999 | D:2      | Gained mutation: Your mind is acute. (Int +4, Str/Dex -1)
                  | [Xom's mischief]
   999 | D:2      | Gained mutation: You have a pair of small horns on your
                  | head. [Xom's mischief]
   999 | D:2      | Gained mutation: You passively dampen the noise of your
                  | surroundings. [Xom's mischief]
  1033 | D:2      | Reached XP level 3. HP: 27/29 MP: 3/3
  1052 | D:2      | Gained mutation: You are vulnerable to heat. (rF-) [hidden
                  | defects]
  1087 | D:2      | Noticed Terence
  1089 | D:2      | XOM: enchant monster (bad)
  1102 | D:2      | Killed Terence
  1103 | D:2      | Reached skill level 1 in Unarmed Combat
  1105 | D:2      | Gained mutation: Your magical capacity is low. (-10% MP)
                  | [hidden defects]
  1105 | D:2      | Lost mutation: You have hidden genetic defects. [hidden
                  | defects expressed]
  1129 | D:2      | XOM: draining
  1152 | D:2      | Gained mutation: You have an unusually large brain. (Int
                  | +2) [demonic ancestry]
  1152 | D:2      | Reached XP level 4. HP: 28/30 MP: 4/4
  1227 | D:2      | Found a bloodstained altar of Trog.
  1291 | D:2      | Found a runed translucent door.
  1292 | D:2      | Noticed Crazy Yiuf
  1738 | D:2      | XOM: smoke on damage
  1742 | D:2      | HP: 1/30 [Crazy Yiuf/+4 quarterstaff of chaos (12)]
  1743 | D:2      | Succumbed to Crazy Yiuf's poison

Illustrated notes

Levels and vault maps discovered:
D:1:      dpeg_arrival_signposts, layout_basic, kennysheep_boxes
D:2:      layout_basic, basic_altar, uniq_crazy_yiuf_cottage, uniq_terence

Skill      XL: |  1  2  3  4 |
---------------+-------------+-----
Dodging        | 1 |  1.5
Armour         | 2 |  2.2
Unarmed Combat | 1 |  1.1
Axes           | 3 |  3.0
Fighting       | |  3.5
Stealth        | |  0.5
Spellcasting   | |  0.9

Action                     |  1- 3 |  4- 6 || total
---------------------------+-------+-------++-------
  Melee: Hand axe          |    73 |    17 ||    90
         Headbutt          |     3 |     7 ||    10
    Use: Scroll            |     1 |       ||     1
         Potion            |     2 |       ||     2
   Stab: Paralysed         |     1 |       ||     1
         Sleeping          |       |     1 ||     1
 Armour: Leather armour    |    53 |    10 ||    63
  Dodge: Dodged            |    42 |     8 ||    50

Table legend: (Time is in decaauts)
 A = Elapsed time spent in this place.
 B = Non-inter-level travel time spent in this place.
 C = Inter-level travel time spent in this place.
 D = Time resting spent in this place.
 E = Time spent auto-exploring this place.
 F = Levels seen in this place.
 G = Mean time per level.
                   A        B        C        D        E       F      G
               +--------+--------+--------+--------+--------+-----+--------+
         Total |   1756 |   1729 |     27 |      0 |   1500 |   2 |  878.0 |
       Dungeon |   1756 |   1729 |     27 |      0 |   1500 |   2 |  878.0 |
               +--------+--------+--------+--------+--------+-----+--------+

Top non-repeatable levels by time:
     D:2: 955 daAuts
     D:1: 801 daAuts
